 Dungeon Crawl Stone Soup version 0.30-a0-534-gdc55766716 (webtiles) character file.

Game seed: 13019117389378266996

22851 Newt the Markskobold (level 13, -30/102 HPs)
             Began as a Kobold Hunter on Dec 25, 2022.
             Was an Elder of Hepliaklqana.
             Annihilated by Rupert
             ... wielding a +3 great sword of protection
              (33 damage)
             ... on level 3 of the Lair of Beasts.
             The game lasted 00:17:05 (12108 turns).

Newt the Markskobold (Kobold Hunter)               Turns: 12108, Time: 00:17:06

Health: -30/102    AC: 30    Str: 13    XL:     13   Next: 30%
Magic:  13/13      EV:  3    Int: 10    God:    Hepliaklqana [****..]
Gold:   755        SH:  0    Dex: 27    Spells: 12/12 levels left

rFire   . . .      SeeInvis .    F - +1 arbalest
rCold   . . .      Faith    .    (shield currently unavailable)
rNeg    . . .      Spirit   .    (body armour currently unavailable)
rPois   +          Reflect  .    (helmet currently unavailable)
rElec   .          Harm     .    (cloak currently unavailable)
rCorr   .          Rampage  .    (gloves currently unavailable)
Will    .....      NoTele   +    (boots currently unavailable)
Stlth   ++++++                   n - amulet of regeneration
HPRegen 1.17/turn                r - +6 ring of dexterity
MPRegen 0.13/turn                x - +4 ring of protection

@: tree-form, invisible
A: stationary, stasis, torment immunity, boosted hp, reduced essence, small, no
large weapons, nightstalker 3, (hooves 1), (iridescent scales 1), screaming 1,
strong 1
a: Renounce Religion, Recall Ancestor, Ancestor Identity, Transference, Idealise


You were on level 3 of the Lair of Beasts.
You worshipped Hepliaklqana.
Hepliaklqana was greatly pleased with you.
You were a tree.
You visited 3 branches of the dungeon, and saw 15 of its levels.
You also visited: Bailey.

You collected 755 gold pieces.

Inventory:

Hand Weapons
 a - a +0 shortbow
 F - a +1 arbalest (weapon)
Missiles
 A - 6 atropa-tipped darts
Armour
 c - a +0 leather armour
 m - a +1 cloak (melded)
 B - a +0 pair of gloves (melded)
 E - a +2 hat (melded)
 Q - +0 steam dragon scales (melded)
Jewellery
 l - a ring of wizardry
 n - an amulet of regeneration (around neck)
 q - a ring of protection from cold
 r - a +6 ring of dexterity (left branch)
 x - a +4 ring of protection (right branch)
 M - a ring of ice
 O - a +6 ring of intelligence
Wands
 e - a wand of paralysis (20)
 k - a wand of flame (7)
 G - a wand of roots (8)
 H - a wand of quicksilver (5)
 R - a wand of digging (3)
 U - a wand of polymorph (2)
Scrolls
 b - 2 scrolls of immolation
 g - a scroll of noise
 h - a scroll of fog
 o - 3 scrolls of vulnerability
 p - 2 scrolls of enchant armour
 v - 4 scrolls of teleportation
 y - 2 scrolls of butterflies
 D - 4 scrolls of amnesia
 J - 2 scrolls of magic mapping
 N - a scroll of torment
 P - a scroll of enchant weapon
 T - a scroll of poison {unknown}
 V - a scroll of identify
 W - a scroll of silence {unknown}
Potions
 f - 2 potions of might
 i - a potion of cancellation
 j - 2 potions of berserk rage
 s - a potion of invisibility
 t - 5 potions of curing
 u - 3 potions of degeneration
 w - 3 potions of mutation
 z - a potion of attraction
 C - a potion of brilliance
 I - 4 potions of haste
 L - a potion of ambrosia
Miscellaneous
 K - a tin of tremorstones (2/2)


   Skills:
 + Level 6.6 Fighting
 - Level 18.0 Ranged Weapons
 - Level 6.0 Armour
 - Level 14.0 Dodging
 - Level 10.0 Stealth
 - Level 4.0 Evocations


You had 12 spell levels left.
You didn't know any spells.
Your spell library contained the following spells:

 Spells                   Type           Power      Damage    Failure   Level
 Sandblast                Erth           0%         2d4       36%         1
 Passwall                 Tmut/Erth      0%         N/A       50%         2
 Frozen Ramparts          Ice            0%         1d1       75%         3
 Stone Arrow              Conj/Erth      0%         3d7       75%         3
 Ice Form                 Ice/Tmut       0%         N/A       98%         4
 Passage of Golubria      Tloc           0%         N/A       98%         4
 Summon Ice Beast         Ice/Summ       0%         N/A       98%         4
 Silence                  Hex/Air        0%         N/A       100%        5
 Lehudib's Crystal Spear  Conj/Erth      0%         10d2      100%        8


Dungeon Overview and Level Annotations

Branches:
Dungeon (10/15)            Temple (1/1) D:5            Lair (4/5) D:9
  Swamp (0/4) Lair:3        Snake (0/4) Lair:3       Bailey (visited)
  Slime: Lair:4-5       Orc: D:9-12

Altars:
Hepliaklqana
Makhleb
Okawaru
Qazlal
Ru
Trog
Uskayaw
Wu Jian
Xom
Yredelemnul
Zin

Shops:
D:3 (   D:6 [

Annotations:
Lair:3 Rupert


Innate Abilities, Weirdness & Mutations

You are a tree.
Your roots penetrate the ground, keeping you stationary.
You cannot be teleported.
You are immune to unholy pain and torment.
Your maximum health is greatly increased.
Your equipment is partially melded.
Your life essence is reduced to manifest your ancestor. (-10% HP)
You are small and have problems with some larger weapons.
You are completely attuned to the shadows.
((You have large cloven feet.))
((You are partially covered in iridescent scales. (AC +2)))
You occasionally shout uncontrollably at your foes.
Your muscles are strong. (Str +4, Int/Dex -1)


Message History

Unknown command.
You shoot a bolt. The bolt hits Rupert!!
Rupert is moderately wounded.
The wolf closely misses you. The blink frog completely misses you.
The yak completely misses you. The wolf bites you!
The blink frog completely misses you.
Rupert looks excited.
Rupert completely misses you.
You shoot a bolt. The bolt hits Rupert!!!
Rupert is heavily wounded.
The wolf bites you! The yak completely misses you.
The blink frog closely misses you.
Rupert roars madly and goes into a rage!
Rupert goes berserk!
The wolf bites you.
You shoot a bolt. The bolt completely misses Rupert.
The blink frog completely misses you. The wolf completely misses you.
The yak completely misses you.
Rupert hits you with a +3 great sword of protection!!
The blink frog hits you!
* * * LOW HITPOINT WARNING * * *
You are too injured to fight recklessly!
Unknown command.
Okay, then.
You fade into invisibility!
The wolf misses you.
Rupert hits you with a +3 great sword of protection!
* * * LOW HITPOINT WARNING * * *
The yak completely misses you. The wolf bites you but does no damage.
The blink frog completely misses you. Rupert misses you.
Unknown command.
Okay, then.
It was a potion of lignification.
You turn into a tree.
Your +1 cloak melds into your body.
Your +2 hat melds into your body.
Your +0 pair of gloves melds into your body.
Your +0 steam dragon scales melds into your body.
Your roots penetrate the ground.
The wolf bites you but does no damage.
The blink frog hits you but does no damage.
The yak barely misses you.
Rupert hits you with a +3 great sword of protection!!
You die...

#.........##
#............###....
##........##
##>...........#.#...
##.........#
#...................
#.........P#
##...........#......
###.......##
##.............#.... ##......#
##..............###..
#PP....###..............## #..
#####...#...h.Y.........#####.
###...#..♣............# #P
#....#.@.F..........## ##
###...##..............# #
###P..#.###.............#####
## #....P###
##...............P#
.#####....##
##..............P.
#........#.# ###...###........
##..#.....## ##.###.........
#####...## ##.##....#.#..


You could see Rupert (berserk, unable to see you), a yak (unable to see you), a
blink frog (unable to see you) and a wolf.

Vanquished Creatures
  Fannar (Lair:1)
  Erica (Lair:1)
  The ghost of mandarbmax the Slicer, a novice AtAr of Wu Jian (D:9)
  Amaemon (Lair:1)
  Pikel (D:9)
  A black mamba (Lair:1)
  3 gargoyles (D:9)
  Maggie (Lair:2)
  3 cane toads
  2 kobold demonologists
  A rime drake (Lair:2)
  A komodo dragon (Lair:2)
  A troll (D:10)
  A polar bear (Lair:2)
  3 tyrant leeches (Lair:3)
  Prince Ribbit (Bailey)
  12 blink frogs
  5 spriggans (Lair:1)
  2 shadows
  5 yaks
  A wyvern (D:10)
  A steam dragon (D:7)
  4 humans (Bailey)
  Menkaure (D:7)
  2 nagas (Lair:3)
  7 water moccasins
  4 orc warriors
  2 sky beasts (D:8)
  An ice beast (D:6)
  2 black bears (D:6)
  2 wolves
  2 ogres
  2 centaurs (D:9)
  A phantom (D:4)
  A lemure (D:9)
  17 bullfrogs
  A gnoll sergeant (D:8)
  A scorpion (D:5)
  A necrophage (D:6)
  4 wights
  4 killer bees (D:10)
  3 howler monkeys
  A centaur zombie (D:9)
  2 hounds (D:5)
  2 jellies
  4 orc priests
  A gnoll bouda (D:10)
  Jessica (D:3)
  2 iguanas
  4 orc wizards
  A howler monkey zombie (D:9)
  8 gnolls
  11 adders
  2 white imps
  4 worms
  4 dart slugs
  24 orcs
  8 ball pythons
  4 bats
  3 endoplasms
  5 giant cockroaches
  15 goblins
  12 hobgoblins
  3 jackals (D:1)
  4 quokkas
  2 frilled lizards
  5 kobolds
  6 rats
249 creatures vanquished.

Vanquished Creatures (collateral kills)
  2 vault guards (Bailey)
  An orange demon (Lair:1)
  2 black mambas (Lair:3)
  2 gargoyles (D:9)
  A komodo dragon (Lair:2)
  A kobold demonologist (D:10)
  A troll (D:9)
  2 blink frogs (Lair:1)
  A yak (Lair:3)
  A basilisk (Lair:3)
  A wyvern (D:9)
  A human (Bailey)
  An acid dragon (D:10)
  A water moccasin (Lair:1)
  A sky beast (D:7)
  An orc warrior (Bailey)
  3 centaurs
  3 bullfrogs
  2 wights (D:9)
  2 killer bees (D:10)
  An electric eel (Lair:2)
  2 howler monkeys (D:7)
  A jelly (D:7)
  2 orc priests (D:8)
  2 orc wizards
  5 gnolls
  A white imp (D:7)
  2 orcs
  3 goblins
49 creatures vanquished.

Vanquished Creatures (others)
  3 knights
  4 fungi
  8 plants
15 creatures vanquished.

Grand Total: 313 creatures vanquished

Notes
Turn   | Place    | Note
-------+----------+-------------------------------------------
     0 | D:1      | Newt the Kobold Hunter began the quest for the Orb.
     0 | D:1      | Reached XP level 1. HP: 12/12 MP: 1/1
    92 | D:1      | Reached XP level 2. HP: 17/17 MP: 2/2
   152 | D:1      | Reached skill level 6 in Ranged Weapons
   482 | D:1      | Reached XP level 3. HP: 21/21 MP: 3/3
  1026 | D:2      | Reached skill level 7 in Ranged Weapons
  1140 | D:2      | Reached XP level 4. HP: 26/26 MP: 4/4
  2252 | D:3      | Found Giotyhia's Weapon Shop.
  2289 | D:3      | Reached XP level 5. HP: 27/30 MP: 5/5
  2791 | D:3      | Reached skill level 5 in Dodging
  2861 | D:3      | Noticed Jessica
  2862 | D:3      | Killed Jessica
  3071 | D:4      | Reached XP level 6. HP: 35/35 MP: 6/6
  3129 | D:4      | Noticed an ogre
  3134 | D:4      | Killed an ogre
  3613 | D:4      | Reached XP level 7. HP: 38/44 MP: 7/7
  3761 | D:5      | Entered Level 5 of the Dungeon
  3767 | D:5      | Reached skill level 5 in Fighting
  3787 | D:5      | Reached skill level 1 in Armour
  4232 | D:5      | Reached XP level 8. HP: 49/49 MP: 8/8
  4248 | D:5      | Found a staircase to the Ecumenical Temple.
  4334 | Temple   | Entered the Ecumenical Temple
  4403 | Temple   | Became a worshipper of Hepliaklqana the Forgotten
  4667 | D:6      | Found Qyqox's Armour Emporium.
  4678 | D:6      | Reached skill level 8 in Ranged Weapons
  4773 | D:6      | Reached skill level 9 in Ranged Weapons
  5005 | D:6      | Reached skill level 5 in Stealth
  5005 | D:6      | Reached XP level 9. HP: 33/54 MP: 9/9
  5154 | D:6      | Reached * piety under Hepliaklqana
  5488 | D:7      | Noticed Menkaure
  5493 | D:7      | Killed Menkaure
  5521 | D:7      | Reached skill level 10 in Ranged Weapons
  5569 | D:7      | Reached skill level 1 in Evocations
  5636 | D:7      | Gained mutation: You are frail. (-10% HP) [potion of
                  | mutation]
  5636 | D:7      | Gained mutation: Your movements are slightly less
                  | encumbered by armour. (ER -2) [potion of mutation]
  5636 | D:7      | Gained mutation: Your spells are a little harder to cast,
                  | but a little more powerful. [potion of mutation]
  5984 | D:7      | Reached ** piety under Hepliaklqana
  6108 | D:7      | Remembered your ancestor Bintanath as a knight
  6725 | D:8      | Reached XP level 10. HP: 33/47 MP: 10/10
  7099 | D:9      | Reached skill level 10 in Dodging
  7174 | D:9      | Found a staircase to the Lair.
  7185 | D:9      | Noticed Pikel
  7186 | D:9      | Noticed a kobold demonologist
  7195 | D:9      | Killed Pikel
  7196 | D:9      | Reached skill level 11 in Ranged Weapons
  7203 | D:9      | Killed a kobold demonologist
  7398 | D:9      | Reached skill level 12 in Ranged Weapons
  7462 | D:9      | Reached skill level 5 in Armour
  7644 | D:9      | Noticed a gargoyle
  7646 | D:9      | Killed a gargoyle
  7656 | D:9      | Noticed a gargoyle
  7660 | D:9      | Killed a gargoyle
  7661 | D:9      | Reached XP level 11. HP: 27/50 MP: 11/11
  7901 | D:9      | Found a runed translucent gate.
  7902 | D:9      | Found a runed translucent gate.
  7902 | D:9      | Noticed mandarbmax's ghost (novice AtAr)
  7903 | D:9      | Found a runed translucent gate.
  7904 | D:9      | Found a basalt altar of Yredelemnul.
  7916 | D:9      | Killed mandarbmax's ghost
  8128 | D:10     | Entered Level 10 of the Dungeon
  8216 | D:10     | Reached skill level 10 in Stealth
  8382 | D:10     | Found a flagged portal.
  8393 | Bailey   | Entered a bailey
  8456 | Bailey   | Reached skill level 13 in Ranged Weapons
  8462 | Bailey   | Noticed Prince Ribbit
  8463 | Bailey   | Noticed a vault guard
  8469 | Bailey   | Killed Prince Ribbit
  8474 | Bailey   | Killed a vault guard
  8531 | Bailey   | Noticed a vault guard
  8543 | Bailey   | Killed a vault guard
  8544 | Bailey   | Reached skill level 14 in Ranged Weapons
  8544 | Bailey   | Reached XP level 12. HP: 54/54 MP: 12/12
  8545 | Bailey   | Lost mutation: Your spells are a little harder to cast, but
                  | a little more powerful. [potion of mutation]
  8545 | Bailey   | Lost mutation: Your movements are slightly less encumbered
                  | by armour. (ER -2) [potion of mutation]
  8545 | Bailey   | Lost mutation: You are frail. (-10% HP) [potion of
                  | mutation]
  8545 | Bailey   | Gained mutation: You are partially covered in iridescent
                  | scales. (AC +2) [potion of mutation]
  8545 | Bailey   | Gained mutation: You have large cloven feet. [potion of
                  | mutation]
  8545 | Bailey   | Gained mutation: You occasionally shout uncontrollably at
                  | your foes. [potion of mutation]
  8545 | Bailey   | Gained mutation: Your muscles are strong. (Str +4, Int/Dex
                  | -1) [potion of mutation]
  8729 | Lair:1   | Entered Level 1 of the Lair of Beasts
  8754 | Lair:1   | Noticed Amaemon
  8760 | Lair:1   | Killed Amaemon
  8772 | Lair:1   | Reached skill level 15 in Ranged Weapons
  9020 | Lair:1   | Noticed Fannar
  9032 | Lair:1   | Killed Fannar
  9136 | Lair:1   | Reached skill level 16 in Ranged Weapons
  9140 | Lair:1   | Noticed Erica
  9146 | Lair:1   | Killed Erica
  9381 | Lair:1   | Reached skill level 17 in Ranged Weapons
  9425 | Lair:1   | Reached *** piety under Hepliaklqana
  9840 | Lair:2   | Noticed Maggie
  9844 | Lair:2   | Killed Maggie
  9895 | Lair:2   | Reached skill level 18 in Ranged Weapons
 10232 | Lair:2   | Found a basalt altar of Yredelemnul.
 10522 | Lair:2   | Reached **** piety under Hepliaklqana
 10867 | Lair:3   | Found a staircase to the Snake Pit.
 10870 | Lair:3   | Reached XP level 13. HP: 64/64 MP: 13/13
 11088 | Lair:3   | Found a staircase to the Swamp.
 11904 | Lair:4   | Noticed Rupert
 11913 | Lair:4   | Noticed an eight-headed hydra
 12107 | Lair:3   | HP: 1/68 [Rupert/+3 great sword of protection (14)]
 12108 | Lair:3   | Annihilated by Rupert

Illustrated notes

Levels and vault maps discovered:
D:1:      scummos_arrival_simple_fountains, layout_basic
D:2:      minmay_skewed_foursquare, layout_basic, st_stairs_7
D:3:      layout_basic, serial_shops, nicolae_shop_statue_plus, st_stairs_14,
          grunt_ministairs_15, uniq_jessica
D:4:      layout_basic
D:5:      layout_rooms, temple_hall
D:6:      layout_gridville, kennysheep_small_circle
D:7:      layout_gridville, uniq_menkaure
D:8:      layout_loops_ring
D:9:      cheibrodos_statue_roulette, layout_loops_ring,
          nicolae_yredelemnul_ghost_church, lair_entry_dummy, st_stairs_14,
          uniq_pikel
D:10:     layout_roguey, enter_bailey_5, minmay_fractal_squares_5
Temple:   compressed_dpeg_circular_temple
Lair:1:   kb_forest_paths, layout_chaotic_city, uniq_amaemon, uniq_erica,
          uniq_fannar
Lair:2:   layout_regular_city, basic_altar, infiniplex_staircase_pool,
          grunt_megastairs_3, uniq_maggie
Lair:3:   layout_cave_pods, minmay_swamp_entry_worms,
          guppyfry_snake_entry_garden
Lair:4:   layout_misc_corridors, minmay_slime_entry_oklob_open,
          lemuel_fruit_fields, uniq_rupert

Skill      XL: |  1  2  3  4  5  6  7  8  9 10 11 12 13 |
---------------+----------------------------------------+-----
Ranged Weapons | 6 7 9 10 12 14 18 | 18.0
Dodging        | 4 5 6 8 10 12 14 | 14.0
Fighting       | 4 5 6 |  6.6
Armour         | 3 4 6 |  6.0
Stealth        | 5 7 10 | 10.0
Evocations     | 4 |  4.0

Action                   |  1- 3 |  4- 6 |  7- 9 | 10-12 | 13-15 || total
-------------------------+-------+-------+-------+-------+-------++-------
Melee: Arbalest          |       |       |       |     9 |       ||     9
 Fire: Shortbow          |    77 |   160 |   312 |    27 |       ||   576
       Arbalest          |       |       |       |   350 |   110 ||   460
Invok: Ancestor Life: Kn |       |       |     1 |       |       ||     1
  Use: Scroll            |       |     8 |     7 |     6 |     2 ||    23
       Potion            |       |       |     4 |     1 |     2 ||     7
Armor: Leather armour    |    20 |    14 |    30 |    51 |       ||   115
       Steam dragon scal |       |       |       |       |     9 ||     9
       Skin              |       |       |       |       |     2 ||     2
Dodge: Dodged            |    39 |    77 |   163 |   288 |   110 ||   677

Table legend: (Time is in decaauts)
 A = Elapsed time spent in this place.
 B = Non-inter-level travel time spent in this place.
 C = Inter-level travel time spent in this place.
 D = Time resting spent in this place.
 E = Time spent auto-exploring this place.
 F = Levels seen in this place.
 G = Mean time per level.
                   A        B        C        D        E       F      G
               +--------+--------+--------+--------+--------+-----+--------+
         Total |  12280 |  11687 |    593 |   1041 |   8775 |  16 |  767.5 |
       Dungeon |   8559 |   8096 |    463 |    621 |   6132 |  10 |  855.9 |
        Temple |     76 |     47 |     29 |      0 |     30 |   1 |   76.0 |
          Lair |   3399 |   3300 |     99 |    399 |   2479 |   4 |  849.8 |
        Bailey |    245 |    245 |      0 |     21 |    134 |   1 |  245.0 |
               +--------+--------+--------+--------+--------+-----+--------+

Top non-repeatable levels by time:
     D:3: 1277 daAuts
     D:9: 1158 daAuts
  Lair:3: 1120 daAuts
  Lair:2: 1093 daAuts
  Lair:1: 1088 daAuts
     D:6: 972 daAuts
     D:7: 967 daAuts
     D:2: 954 daAuts
     D:1: 829 daAuts
     D:4: 750 daAuts
     D:8: 674 daAuts
     D:5: 603 daAuts
    D:10: 371 daAuts
  Bailey: 245 daAuts
  Lair:4: 96 daAuts
